 Dungeon Crawl Stone Soup version 0.32-a0-900-g30fb1b0edc (webtiles) character file.

Game seed: 4215336553151081831

3564 GiantSquids the Severer (level 9, -1/105 HPs)
             Began as a Mountain Dwarf Fighter on Apr 6, 2024.
             Was a Believer of Okawaru.
             Slain by a skeletal warrior
             ... wielding a +0 mace
              (6 damage)
             ... on level 8 of the Dungeon.
             The game lasted 00:13:33 (7521 turns).

GiantSquids the Severer (Mountain Dwarf Fighter)    Turns: 7521, Time: 00:13:33

Health: -1/105     AC: 17    Str: 23    XL:     9   Next: 84%
Magic:  9/9        EV: 10    Int:  9    God:    Okawaru [**....]
Gold:   352        SH:  9    Dex:  9    Spells: 8/8 levels left

rFire   + . .        a - +0 war axe
rCold   + . .        c - +0 buckler
rNeg    . . .        I - +0 plate armour
rPois   +            o - +1 helmet
rElec   +            (no cloak)
rCorr   +            (no gloves)
SInv    .            (no boots)
Will    .....        H - amulet of reflection Stlth
                     K - +4 ring of protection
HPRegen 0.37/turn    r - +5 ring of evasion
MPRegen 0.11/turn

%: reflection
@: mighty, berserking, resistant, hasted, very quick
A: runic magic, artefact enchanting
a: Renounce Religion, Heroism


You were on level 8 of the Dungeon.
You worshipped Okawaru.
Okawaru was pleased with you.
You visited 2 branches of the dungeon, and saw 9 of its levels.
You also visited: Ossuary.

You collected 352 gold pieces.

Inventory:

Hand Weapons
 a - a +0 war axe (weapon)
Missiles
 h - 66 stones (quivered)
 n - 3 javelins
 E - 4 boomerangs
Armour
 b - a +0 scale mail
 c - a +0 buckler (worn)
 o - a +1 helmet (worn)
 I - a +0 plate armour (worn)
Jewellery
 j - a ring of flight
 r - a +5 ring of evasion (right hand)
 s - a ring of protection from fire
 y - a +6 ring of dexterity
 H - an amulet of reflection (around neck)
 J - a ring of protection from cold
 K - a +4 ring of protection (left hand)
Scrolls
 e - 3 scrolls of teleportation
 f - 2 scrolls of enchant armour
 g - a scroll of brand weapon
 m - a scroll of silence
 p - a scroll of noise
 q - 3 scrolls of immolation
 u - a scroll of revelation
 w - 2 scrolls of vulnerability
 x - 3 scrolls of amnesia
 z - a scroll of fog
 F - a scroll of blinking {unknown}
 G - 2 scrolls of identify
 M - a scroll of butterflies {unknown}
Potions
 i - 8 potions of curing
 k - 3 potions of brilliance
 l - 4 potions of mutation
 t - 2 potions of enlightenment
 A - a potion of haste
 B - a potion of lignification {unknown}
 C - a potion of heal wounds {unknown}
 D - 2 potions of magic


   Skills:
 - Level 3.2 Fighting
 + Level 16.5 Axes
 - Level 3.2 Armour
 - Level 3.2 Shields


You had 8 spell levels left.
You didn't know any spells.
Your spell library contained the following spells:

 Spells                   Type           Power      Damage    Failure   Level
 Shock                    Conj/Air       0%         1d3       71%         1
 Sting                    Conj/Alch      0%         1d3       71%         1
 Mercury Vapours          Alch/Air       0%         N/A       83%         2
 Dazzling Flash           Conj/Hex       0%         N/A       97%         3
 Swiftness                Air            0%         N/A       97%         3
 Airstrike                Air            0%         2d(0-16)  100%        4
 Anguish                  Hex/Necr       0%         N/A       100%        4
 Olgreb's Toxic Radiance  Alch           0%         N/A       100%        4
 Metabolic Englaciation   Hex/Ice        0%         N/A       100%        5
 Starburst                Conj/Fire      0%         6d3       100%        6
 Maxwell's Capacitive Co  Air            0%         ∞         100%        8
 Chain Lightning          Conj/Air       0%         N/A       100%        9
 Fire Storm               Conj/Fire      0%         5d1       100%        9
 Shatter                  Erth           0%         3d5*      100%        9
 Tukima's Dance           Hex            Unusable   N/A       N/A         3

Dungeon Overview and Level Annotations

Branches:
Dungeon (8/15)             Temple (1/1) D:4         Ossuary (visited)
   Lair: D:8-11

Altars:
Ashenzari
Cheibriados
Dithmenos
Elyvilon
Fedhas
Gozag
Hepliaklqana
Makhleb
Nemelex Xobeh
Okawaru
Qazlal
Ru
Trog
Uskayaw
Vehumet
Xom
Yredelemnul
The Shining One

Shops:
D:2 *   D:6 (   D:7 (

Annotations:
D:2 1 runed translucent door, Crazy Yiuf
D:6 3 runed translucent doors, bobo's ghost, novice MDFi


Innate Abilities, Weirdness & Mutations

Your spellcasting is much less encumbered by armour.
You can use scrolls of enchantment on lesser artefacts.


Message History

The water moccasin bites you but does no damage.
You slice the skeletal warrior!!
The skeletal warrior is moderately damaged.
You miss the water moccasin. The water moccasin closely misses you.
You block the skeletal warrior's attack.
You slash the skeletal warrior!
The skeletal warrior is heavily damaged.
You slash the water moccasin!
The water moccasin bites you but does no damage.
You hit the skeletal warrior.
The skeletal warrior is severely damaged.
You miss the water moccasin.
The skeletal warrior closely misses you.
You hit the skeletal warrior.
The skeletal warrior is severely damaged.
You hit the water moccasin.
The water moccasin bites you but does no damage.
You hit the skeletal warrior but do no damage.
The skeletal warrior is severely damaged.
You completely miss the water moccasin.
The skeletal warrior hits you with a +0 mace.
* * * LOW HITPOINT WARNING * * *
The water moccasin closely misses you.
You slash the skeletal warrior!
The skeletal warrior is almost destroyed.
You barely miss the water moccasin.
You hit the skeletal warrior but do no damage.
The skeletal warrior is almost destroyed.
You hit the water moccasin.
You kill the water moccasin!
Okawaru accepts your kill.
The skeletal warrior hits you with a +0 mace.
* * * LOW HITPOINT WARNING * * *
It was a potion of resistance.
You feel protected.
It was a potion of berserk rage.
A red film seems to cover your vision as you go berserk!
You feel yourself moving faster!
You feel mighty!
The skeletal warrior hits you with a +0 mace.
You die...

.^ ##. ## ...
##########. ## #.###
.......##...
..#...###...#..#
.###..........##.
..#.##...#...>..
###.#.##...###.##.##
#cz@#.##....##.##...
#Y#...##....>..##...
..
######.......##...
#. #.#####.##... ..
#.# #.##... #. #.#
#.##... . .##.#
#.##### ....#####.#
# #.......# #


You could see a skeletal warrior, a centaur warrior and an ice beast.

Vanquished Creatures
  A hornet (D:8)
  A steam dragon (D:7)
  3 water moccasins
  2 ice beasts
  A black bear (D:7)
  2 ogres (D:5)
  3 kobold brigands
  3 bullfrogs
  12 scorpions
  A gnoll sergeant (D:8)
  A howler monkey (D:6)
  2 centaur zombies (Ossuary)
  3 jellies
  4 human zombies (Ossuary)
  4 orc priests
  2 bombardier beetles
  2 hounds
  A sleepcap (D:6)
  7 iguanas
  5 scorpion zombies (Ossuary)
  4 orc wizards
  3 mummies (Ossuary)
  Robin (D:2)
  6 gnolls
  7 adders
  A shadow imp (D:8)
  2 white imps
  2 ufetubi (D:6)
  A dart slug (D:2)
  3 ribbon worms
  20 orcs
  7 ball pythons
  11 endoplasms
  2 giant cockroaches
  4 gnoll zombies (Ossuary)
  17 goblins
  12 hobgoblins
  2 jackals (D:1)
  3 quokkas
  2 ball python zombies (Ossuary)
  6 bats
  4 frilled lizards
  2 jackal zombies (Ossuary)
  19 kobolds
  A kobold zombie (D:4)
  3 orc zombies (Ossuary)
  6 rats
  A rat zombie (D:4)
  A butterfly (D:4)
213 creatures vanquished.

Notes
Turn   | Place    | Note
-------+----------+-------------------------------------------
     0 | D:1      | GiantSquids the Mountain Dwarf Fighter began the quest for
                  | the Orb.
     0 | D:1      | Reached XP level 1. HP: 19/19 MP: 1/1
    87 | D:1      | Reached skill level 3 in Axes
   157 | D:1      | Reached XP level 2. HP: 26/26 MP: 2/2
   351 | D:1      | Reached skill level 4 in Axes
   671 | D:1      | Reached XP level 3. HP: 31/31 MP: 3/3
   779 | D:2      | Found Orchoz's General Store.
   866 | D:2      | Noticed Robin
   879 | D:2      | Killed Robin
   880 | D:2      | Reached skill level 5 in Axes
  1025 | D:2      | Reached XP level 4. HP: 13/38 MP: 4/4
  1173 | D:2      | Reached skill level 6 in Axes
  1425 | D:2      | Found a sparkling altar of Nemelex Xobeh.
  1507 | D:2      | Found a runed translucent door.
  1508 | D:2      | Noticed Crazy Yiuf
  1778 | D:3      | Reached XP level 5. HP: 44/45 MP: 5/5
  1862 | D:3      | Found a shimmering altar of Xom.
  1973 | D:3      | Reached skill level 7 in Axes
  2342 | D:4      | Reached XP level 6. HP: 48/51 MP: 6/6
  2484 | D:4      | Found a sand-covered staircase.
  2505 | Ossuary  | Entered an ossuary
  2521 | Ossuary  | Reached skill level 8 in Axes
  2551 | Ossuary  | Reached skill level 9 in Axes
  2642 | Ossuary  | Reached XP level 7. HP: 56/57 MP: 7/7
  2727 | Ossuary  | Reached skill level 10 in Axes
  2855 | Ossuary  | Reached skill level 11 in Axes
  2970 | Ossuary  | Reached XP level 8. HP: 63/63 MP: 8/8
  3228 | D:4      | Found a staircase to the Ecumenical Temple.
  3250 | Temple   | Entered the Ecumenical Temple
  3256 | Temple   | Became a worshipper of Warmaster Okawaru
  3927 | D:5      | Entered Level 5 of the Dungeon
  3950 | D:5      | Reached skill level 12 in Axes
  4531 | D:5      | Reached skill level 13 in Axes
  4697 | D:5      | Found a shadowy altar of Dithmenos.
  4740 | D:5      | Got the Octavo of Hexing and Refrigeration
  5366 | D:6      | Reached skill level 14 in Axes
  5366 | D:6      | Reached XP level 9. HP: 61/70 MP: 9/9
  5480 | D:6      | Found a runed translucent gate.
  5480 | D:6      | Found a runed translucent gate.
  5480 | D:6      | Noticed bobo's ghost (novice MDFi)
  5497 | D:6      | Found a runed translucent gate.
  5568 | D:6      | Reached * piety under Okawaru
  5738 | D:6      | Found a glowing golden altar of the Shining One.
  5746 | D:6      | Found Lienurer's Antique Weapon Boutique.
  5819 | D:6      | Identified the +6 rapier "Woqeatesch" {antimagic, rElec rF+
                  | Int+4}
  6192 | D:7      | Found Dureteh's Weapon Shop.
  6240 | D:7      | Reached skill level 15 in Axes
  7344 | D:8      | Reached ** piety under Okawaru
  7410 | D:8      | Reached skill level 16 in Axes
  7505 | D:8      | Noticed a skeletal warrior
  7509 | D:8      | Noticed a centaur warrior
  7519 | D:8      | HP: 3/70 [skeletal warrior/+0 mace (5)]
  7521 | D:8      | Slain by a skeletal warrior

Illustrated notes

Levels and vault maps discovered:
D:1:      minmay_arrival_jagged, layout_loops_ring, wad_floor_pattern_untrapped
D:2:      layout_basic, basic_altar, serial_shops, nicolae_shop_tiny_glass,
          uniq_crazy_yiuf_cottage, uniq_robin
D:3:      layout_rooms, xom_redecorated, minmay_stone_trees_small, st_stairs_12
D:4:      cheibrodos_thug_alley, layout_cave_pods,
          minmay_temple_entry_butterflies, enter_ossuary_3,
          kennysheep_small_square
D:5:      layout_basic, mainiacjoe_overflow_brackets, kennysheep_generic_room_8
D:6:      layout_basic, lemuel_round_altar, gammafunk_ghost_split, serial_shops,
          shop
D:7:      layout_basic, nicolae_take_the_stairs
D:8:      layout_loops_cross, nicolae_doodle_vault
Temple:   minmay_freezing_vapour_temple

Skill      XL: |  1  2  3  4  5  6  7  8  9 |
---------------+----------------------------+-----
Axes           | 3 4 5 6 7 9 11 14 16 | 16.5
Fighting       | |  3.2
Armour         | |  3.2
Shields        | |  3.2

Action                     |  1- 3 |  4- 6 |  7- 9 || total
---------------------------+-------+-------+-------++-------
  Melee: War axe           |   102 |   198 |   415 ||   715
    Use: Scroll            |       |       |    15 ||    15
         Potion            |       |       |     5 ||     5
 Armour: Scale mail        |    89 |   136 |   139 ||   364
         Plate armour      |       |       |    59 ||    59
  Dodge: Dodged            |    40 |   145 |   184 ||   369
  Block: Buckler           |    24 |    47 |    95 ||   166

Table legend: (Time is in decaauts)
 A = Elapsed time spent in this place.
 B = Non-inter-level travel time spent in this place.
 C = Inter-level travel time spent in this place.
 D = Time resting spent in this place.
 E = Time spent auto-exploring this place.
 F = Levels seen in this place.
 G = Mean time per level.
                   A        B        C        D        E       F      G
               +--------+--------+--------+--------+--------+-----+--------+
         Total |   7546 |   7200 |    346 |    470 |   5185 |  10 |  754.6 |
       Dungeon |   6880 |   6538 |    342 |    381 |   4859 |   8 |  860.0 |
        Temple |     11 |      7 |      4 |      0 |      0 |   1 |   11.0 |
       Ossuary |    653 |    653 |      0 |     89 |    326 |   1 |  653.0 |
               +--------+--------+--------+--------+--------+-----+--------+

Top non-repeatable levels by time:
     D:5: 1378 daAuts
     D:7: 1185 daAuts
     D:4: 1106 daAuts
     D:6: 810 daAuts
     D:2: 796 daAuts
     D:1: 788 daAuts
 Ossuary: 653 daAuts
     D:3: 640 daAuts
     D:8: 172 daAuts
  Temple: 11 daAuts
